NCAA
CLEMSON TIGERS @ SOUTH FLORIDA BULLS
04/11/2023
 
TOP OF THE 1ST
Clemson Tigers batting - Pitching for South Florida Bulls : RHP Curtis Adams
Pitching: RHP Curtis Adams
Batting: RHB Joe Land 0-0: Ball
1-0: Ball
2-0: Ball
3-0: Base on Balls
Batting: LHB Edward Rose 0-0: Foul Ball, location: 2F
0-1: Swinging Strike
0-2: Ball
1-2: Ball
2-2: Fly out, F7 (Flyball, 7S)
Batting: RHB James Tucker 0-0: Ball
1-0: Foul Ball, location: 2F
1-1: Ball
2-1: Ball
3-1: Foul Ball, location: 2F
3-2: Foul Ball, location: 2F
3-2: Fielders Choice at 2nd, 6-4 (Groundball, 56)
Batting: RHB Jonathan Williams 0-0: Ball
James Tucker steals 2nd base
1-0: Called Strike
1-1: Called Strike
1-2: 2-RUN HOME RUN (Flyball, 7D), Distance : 368 ft
Batting: RHB Pablo Valentín 0-0: SINGLE (Groundball, 6MD)
Batting: RHB Vincent Snow 0-0: Ball
1-0: Called Strike
Pablo Valentín steals 2nd base
1-1: Called Strike
1-2: Ball
2-2: Ball
3-2: Strikes out swinging
Top of the 1st over - 2 run(s), 2 hit(s), 0 error(s), 1 left on base; Clemson 2 - South Florida 0
BOTTOM OF THE 1ST
South Florida Bulls batting - Pitching for Clemson Tigers : LHP Kevin Chapman
Pitching: LHP Kevin Chapman
Batting: LHB Bob Bush 0-0: Foul Ball, location: 2F
0-1: Ball
1-1: Ball
2-1: Ball
3-1: Ground out 3-1 (Groundball, 3)
Batting: SHB Roberto Torres 0-0: Foul Ball, location: 2F
0-1: Called Strike
0-2: Ball
1-2: Strikes out looking
Batting: RHB John Little 0-0: Called Strike
0-1: Ball
1-1: Called Strike
1-2: Fly out, F8 (Flyball, 8LM)
Bottom of the 1st over - 0 run(s), 0 hit(s), 0 error(s), 0 left on base; Clemson 2 - South Florida 0
TOP OF THE 2ND
Clemson Tigers batting - Pitching for South Florida Bulls : RHP Curtis Adams
Batting: RHB Keith Webb 0-0: Ball
1-0: SINGLE (Groundball, 34)
Batting: RHB Joseph Forrest 0-0: Called Strike
0-1: SINGLE (Groundball, 6)
Keith Webb to second
Batting: LHB José Blanco 0-0: Swinging Strike
0-1: Foul Ball, location: 2F
0-2: Strikes out swinging
Batting: RHB Joe Land 0-0: Ball
1-0: Called Strike
1-1: Ball
2-1: Ball
3-1: Swinging Strike
3-2: Base on Balls
Keith Webb to third
Joseph Forrest to second
Batting: LHB Edward Rose 0-0: Called Strike
0-1: Fielders Choice at 2nd, 4-6 (Groundball, 34)
Keith Webb scores
Joseph Forrest to third
Batting: RHB James Tucker Pickoff Throw to First - Out!
Top of the 2nd over - 1 run(s), 2 hit(s), 0 error(s), 0 left on base; Clemson 3 - South Florida 0
BOTTOM OF THE 2ND
South Florida Bulls batting - Pitching for Clemson Tigers : LHP Kevin Chapman
Batting: SHB Tex White 0-0: Called Strike
0-1: Swinging Strike
0-2: Ball
1-2: SINGLE (Groundball, 56)
Batting: RHB Mark Parker 0-0: Called Strike
0-1: Fly out, F8 (Line Drive, 8LS)
Batting: RHB Jon Krohne 0-0: Called Strike
0-1: Fly out, F5 (Popup, 5L)
Batting: LHB Bob Jacobs 0-0: Swinging Strike
0-1: Ground out 4-3 (Groundball, 4)
Bottom of the 2nd over - 0 run(s), 1 hit(s), 0 error(s), 1 left on base; Clemson 3 - South Florida 0
TOP OF THE 3RD
Clemson Tigers batting - Pitching for South Florida Bulls : RHP Curtis Adams
Batting: RHB James Tucker 0-0: Ball
1-0: Ball
2-0: Ball
3-0: Base on Balls
Batting: RHB Jonathan Williams 0-0: Called Strike
0-1: Called Strike
0-2: Strikes out swinging
Batting: RHB Pablo Valentín 0-0: Fly out, F8 (Flyball, 8LM)
Batting: RHB Vincent Snow 0-0: Ball
1-0: Ball
2-0: Foul Ball, location: 2F
2-1: Foul Ball, location: 2F
2-2: Strikes out looking
Top of the 3rd over - 0 run(s), 0 hit(s), 0 error(s), 1 left on base; Clemson 3 - South Florida 0
BOTTOM OF THE 3RD
South Florida Bulls batting - Pitching for Clemson Tigers : LHP Kevin Chapman
Batting: RHB Rafael Martínez 0-0: Called Strike
0-1: Ball
1-1: Bunt for hit - play at first, batter safe!
Batting: RHB Doug Jones 0-0: Foul Ball, location: 2F
0-1: Called Strike
0-2: Ball
1-2: Ball
2-2: Foul Ball, location: 2F
2-2: Foul Ball, location: 2F
2-2: Strikes out swinging
Batting: LHB Bob Bush 0-0: Foul Ball, location: 2F
0-1: Ground out 4-3 (Groundball, 4M)
Rafael Martínez to second
Batting: SHB Roberto Torres 0-0: Called Strike
0-1: Foul Ball, location: 2F
0-2: Ball
1-2: Ball
2-2: Foul Ball, location: 2F
2-2: Ball
3-2: Strikes out looking
Bottom of the 3rd over - 0 run(s), 1 hit(s), 0 error(s), 1 left on base; Clemson 3 - South Florida 0
TOP OF THE 4TH
Clemson Tigers batting - Pitching for South Florida Bulls : RHP Curtis Adams
Batting: RHB Keith Webb 0-0: Ball
1-0: Ball
2-0: Ball
3-0: Called Strike
3-1: Base on Balls
Batting: RHB Joseph Forrest 0-0: Ball
1-0: Called Strike
1-1: Ball
2-1: Ball
3-1: Base on Balls
Keith Webb to second
Batting: LHB José Blanco 0-0: Ball
1-0: Ball
2-0: Fly out, F8 (Flyball, 8LM)
Batting: RHB Joe Land 0-0: Ball
1-0: Foul Ball, location: 2F
1-1: Grounds into double play, 6-4-3 (Groundball, 6)
Top of the 4th over - 0 run(s), 0 hit(s), 0 error(s), 1 left on base; Clemson 3 - South Florida 0
BOTTOM OF THE 4TH
South Florida Bulls batting - Pitching for Clemson Tigers : LHP Kevin Chapman
Batting: RHB John Little 0-0: Ball
1-0: Ball
2-0: Ball
3-0: Called Strike
3-1: Base on Balls
Batting: SHB Tex White 0-0: Ball
1-0: SINGLE (Groundball, 4MD)
John Little to second
Batting: RHB Mark Parker 0-0: Ball
1-0: Called Strike
1-1: Ball
2-1: Fly out, F9 (Flyball, 89S)
Batting: RHB Jon Krohne 0-0: Ball
1-0: 3-RUN HOME RUN (Flyball, 7LD), Distance : 334 ft
Batting: LHB Bob Jacobs 0-0: Foul Ball, location: 2F
0-1: Ball
1-1: Foul Ball, location: 2F
1-2: Strikes out swinging
Batting: RHB Rafael Martínez 0-0: Ball
1-0: Foul Ball, location: 2F
1-1: Called Strike
1-2: Ball
2-2: Foul Ball, location: 2F
2-2: Ball
3-2: Base on Balls
Batting: RHB Doug Jones 0-0: Ball
1-0: Ball
Rafael Martínez is caught stealing 2nd base
Bottom of the 4th over - 3 run(s), 2 hit(s), 0 error(s), 0 left on base; Clemson 3 - South Florida 3
TOP OF THE 5TH
Clemson Tigers batting - Pitching for South Florida Bulls : RHP Curtis Adams
Batting: LHB Edward Rose 0-0: Ball
1-0: Swinging Strike
1-1: Ground out U3 (Groundball, 3)
Batting: RHB James Tucker 0-0: Called Strike
0-1: Ball
1-1: Ball
2-1: Foul Ball, location: 2F
2-2: Foul Ball, location: 2F
2-2: Hit by Pitch
Pitching: RHP Roy Bowles
Batting: RHB Jonathan Williams 0-0: Called Strike
0-1: Ball
1-1: Foul Ball, location: 2F
1-2: Grounds into double play, 6-4-3 (Groundball, 6M)
Top of the 5th over - 0 run(s), 0 hit(s), 0 error(s), 0 left on base; Clemson 3 - South Florida 3
BOTTOM OF THE 5TH
South Florida Bulls batting - Pitching for Clemson Tigers : LHP Kevin Chapman
Batting: RHB Doug Jones 0-0: Ball
1-0: Called Strike
1-1: Ball
2-1: Ball
3-1: Swinging Strike
3-2: Base on Balls
Batting: LHB Bob Bush 0-0: Ball
1-0: Fly out, F8 (Flyball, 8LM)
Batting: SHB Roberto Torres 0-0: Called Strike
0-1: Swinging Strike
0-2: Ball
1-2: Foul Ball, location: 2F
1-2: Ball
Doug Jones is caught stealing 2nd base
2-2: Foul Ball, location: 2F
2-2: Reached on Error, E8 (Flyball, 8LM)
Pitching: RHP Domingo García
Batting: RHB John Little 0-0: Ball
1-0: Called Strike
1-1: Ball
2-1: Called Strike
2-2: Fly out, F4 (Line Drive, 4)
Bottom of the 5th over - 0 run(s), 0 hit(s), 1 error(s), 1 left on base; Clemson 3 - South Florida 3
TOP OF THE 6TH
Clemson Tigers batting - Pitching for South Florida Bulls : RHP Roy Bowles
Batting: RHB Pablo Valentín 0-0: Called Strike
0-1: Ball
1-1: Fly out, F7 (Flyball, 8LM)
Batting: RHB Vincent Snow 0-0: Foul Ball, location: 2F
0-1: Fly out, F7 (Flyball, 8LM)
Batting: RHB Keith Webb 0-0: Ball
1-0: Ball
2-0: Ball
3-0: Foul Ball, location: 2F
3-1: Foul Ball, location: 2F
3-2: Base on Balls
Batting: RHB Joseph Forrest 0-0: Ball
1-0: Called Strike
1-1: Called Strike
1-2: Strikes out swinging
Top of the 6th over - 0 run(s), 0 hit(s), 0 error(s), 1 left on base; Clemson 3 - South Florida 3
BOTTOM OF THE 6TH
South Florida Bulls batting - Pitching for Clemson Tigers : RHP Domingo García
Batting: SHB Tex White 0-0: Called Strike
0-1: Ball
1-1: Ball
2-1: Ground out 1-3 (Groundball, 13)
Batting: RHB Mark Parker 0-0: Foul Ball, location: 2F
0-1: Swinging Strike
0-2: Foul Ball, location: 2F
0-2: Strikes out looking
Batting: RHB Jon Krohne 0-0: Fly out, F8 (Flyball, 8LXD)
Bottom of the 6th over - 0 run(s), 0 hit(s), 0 error(s), 0 left on base; Clemson 3 - South Florida 3
TOP OF THE 7TH
Clemson Tigers batting - Pitching for South Florida Bulls : RHP Roy Bowles
Batting: LHB José Blanco 0-0: Ball
1-0: Ball
2-0: Ground out 4-3 (Groundball, 4)
Pitching: LHP Gregg Funk
Batting: RHB Joe Land 0-0: Ball
1-0: Called Strike
1-1: Swinging Strike
1-2: Strikes out looking
Batting: LHB Edward Rose 0-0: Ball
1-0: SOLO HOME RUN (Line Drive, 9LD), Distance : 319 ft
Batting: RHB James Tucker 0-0: Called Strike
0-1: Foul Ball, location: 2F
0-2: Foul Ball, location: 2F
0-2: Ball
1-2: Ground out 1-3 (Groundball, 13S)
Top of the 7th over - 1 run(s), 1 hit(s), 0 error(s), 0 left on base; Clemson 4 - South Florida 3
BOTTOM OF THE 7TH
South Florida Bulls batting - Pitching for Clemson Tigers : RHP Domingo García
Batting: LHB Bob Jacobs 0-0: SINGLE (Groundball, 34D)
Batting: RHB Rafael Martínez 0-0: Ball
1-0: Bunt missed!
1-1: Sac Bunt - play at first, batter OUT! 3-4
Bob Jacobs to second
Batting: RHB Doug Jones 0-0: Ball
1-0: Ball
2-0: Called Strike
2-1: SINGLE (Flyball, 89M)
Bob Jacobs to third
Runner from 3rd tries for Home, SAFE, no throw or cutoff
Batting: LHB Bob Bush 0-0: Ball
1-0: Foul Ball, location: 2F
1-1: Ball
2-1: Called Strike
2-2: Foul Ball, location: 2F
2-2: SINGLE (Line Drive, 9LS)
Doug Jones to second
Batting: SHB Roberto Torres 0-0: Ball
1-0: SINGLE (Line Drive, 89S)
Doug Jones to third
Bob Bush to second
Batting: RHB John Little 0-0: Ground out 3-1 (Groundball, 34)
Doug Jones scores
Bob Bush to third
Roberto Torres to second
Batting: SHB Tex White 0-0: Ball
1-0: Ball
2-0: Ball
3-0: Base on Balls
Batting: RHB Mark Parker 0-0: Foul Ball, location: 2F
0-1: Ball
1-1: Fly out, F8 (Flyball, 89D)
Bottom of the 7th over - 2 run(s), 4 hit(s), 0 error(s), 3 left on base; Clemson 4 - South Florida 5
TOP OF THE 8TH
Clemson Tigers batting - Pitching for South Florida Bulls : LHP Gregg Funk
Pitching: RHP José Deleón
Now at C: Christian Mason
Batting: RHB Jonathan Williams 0-0: Ground out 5-3 (Groundball, 5L)
Batting: RHB Pablo Valentín 0-0: Ball
1-0: Foul Ball, location: 2F
1-1: Swinging Strike
1-2: Ball
2-2: Strikes out looking
Batting: RHB Vincent Snow 0-0: Swinging Strike
0-1: Ball
1-1: Foul Ball, location: 2F
1-2: Strikes out looking
Top of the 8th over - 0 run(s), 0 hit(s), 0 error(s), 0 left on base; Clemson 4 - South Florida 5
BOTTOM OF THE 8TH
South Florida Bulls batting - Pitching for Clemson Tigers : RHP Domingo García
Pitching: RHP Stephen Taylor
Batting: RHB Jon Krohne 0-0: Foul Ball, location: 2F
0-1: Ball
1-1: Ball
2-1: Ball
3-1: Base on Balls
Batting: LHB Bob Jacobs 0-0: Sac Bunt - play at first, batter OUT! 1-4
Jon Krohne to second
Batting: RHB Rafael Martínez 0-0: Ball
1-0: Swinging Strike
1-1: Fly out, F8 (Flyball, 8RM)
Batting: RHB Doug Jones 0-0: Called Strike
0-1: SINGLE (Groundball, 56D)
Jon Krohne to third
Runner from 3rd tries for Home, SAFE, no throw or cutoff
Batting: LHB Bob Bush 0-0: Ball
1-0: Fly out, F7 (Flyball, 7S)
Bottom of the 8th over - 1 run(s), 1 hit(s), 0 error(s), 1 left on base; Clemson 4 - South Florida 6
TOP OF THE 9TH
Clemson Tigers batting - Pitching for South Florida Bulls : RHP José Deleón
Pitching: RHP Carson Branton
Batting: RHB Keith Webb 0-0: Ground out 1-3 (Groundball, 15)
Batting: RHB Joseph Forrest 0-0: Ball
1-0: Called Strike
1-1: Ball
2-1: Foul Ball, location: 2F
2-2: Ball
3-2: Strikes out looking
Batting: LHB José Blanco 0-0: SINGLE (Groundball, 6D)
Batting: RHB Joe Land 0-0: Ball
1-0: Ball
2-0: Ball
3-0: Called Strike
3-1: Base on Balls
José Blanco to second
Batting: LHB Edward Rose 0-0: Called Strike
0-1: Foul Ball, location: 2F
0-2: Ball
1-2: Strikes out swinging
Top of the 9th over - 0 run(s), 1 hit(s), 0 error(s), 2 left on base; Clemson 4 - South Florida 6
This league is powered by Out of the Park Baseball, the baseball management simulation game for PC, Mac and Linux
Wednesday, December 2nd, 2015 - OOTP Baseball 16.8 Build 38